 Dungeon Crawl Stone Soup version 0.28.0-45-g0d030f2227 (webtiles) character file.

Game seed: 8027385798378167717

54 KamiKatze the Conjurer (level 3, 0/21 HPs)
             Began as an Octopode Conjurer on Mar 31, 2022.
             Slain by a crimson imp (3 damage)
             ... summoned by Natasha
             ... on level 2 of the Dungeon on Apr 1, 2022.
             The game lasted 00:07:27 (1192 turns).

KamiKatze the Conjurer (Octopode Conjurer)          Turns: 1192, Time: 00:07:28

Health: 0/21       AC:  1    Str:  6    XL:     3   Next: 91%
Magic:  0/6        EV: 17    Int: 22    God:
Gold:   84         SH:  0    Dex: 10    Spells: 3/6 levels left

rFire   . . .      SeeInvis .   c - staff of conjuration
rCold   . . .      Faith    .   (no shield)
rNeg    . . .      Spirit   .   (helmet restricted)
rPois   .          Reflect  .   (no amulet)
rElec   .          Harm     .   m - +4 ring of evasion
rCorr   .          Rampage  .   (no ring)
Will    .....                   (no ring)
Stlth   +++.......              (no ring)
HPRegen 0.07/turn               (no ring)
MPRegen 0.10/turn               (no ring)
                                (no ring)
                                (no ring)

@: no status effects
A: almost no armour, amphibious, 8 rings, camouflage 1, gelatinous body 1,
(nimble swimmer 1), tentacles
a: no special abilities


You were on level 2 of the Dungeon.
You visited 1 branch of the dungeon, and saw 2 of its levels.

You collected 84 gold pieces.

Inventory:

Hand Weapons
 d - a +0 short sword
 f - a +0 vampiric dagger
Missiles
 n - 10 stones (quivered)
Magical Staves
 c - a staff of conjuration (weapon)
 k - a staff of fire
Jewellery
 m - a +4 ring of evasion (left tentacle)
Scrolls
 a - 6 scrolls of teleportation {unknown}
 b - a scroll of identify {unknown}
 i - a scroll of vulnerability {unknown}
 o - a scroll of fear {unknown}
Potions
 e - a potion of might {unknown}
 g - a potion of degeneration {unknown}
 h - a potion of berserk rage {unknown}
 j - 2 potions of invisibility {unknown}
 l - a potion of curing {unknown}
 p - a potion of heal wounds {unknown}


   Skills:
 * Level 2.4 Dodging
 * Level 3.3 Stealth
 * Level 2.3 Spellcasting
 * Level 4.2 Conjurations
 * Level 1.1 Hexes
 * Level 1.2 Translocations


You had 3 spell levels left.
You knew the following spells:

 Your Spells              Type           Power      Damage    Failure   Level
a - Magic Dart            Conj           100%       1d8       2%          1
b - Searing Ray           Conj           62%        2d6       3%          2

Your spell library contained the following spells:

 Spells                   Type           Power      Damage    Failure   Level
 Dazzling Flash           Conj/Hex       42%        N/A       13%         3
 Fulminant Prism          Conj/Hex       10%        3d9       41%         4
 Iskenderun's Mystic Bla  Conj/Tloc      21%        2d6       41%         4


Dungeon Overview and Level Annotations

Branches:
Dungeon (2/15)

Altars:

Annotations:
D:2 Natasha


Innate Abilities, Weirdness & Mutations

You cannot wear most types of armour.
You are amphibious.
You can wear up to eight rings at the same time.
Your skin changes colour to match your surroundings (Stealth+).
Your rubbery body absorbs attacks. (AC +1, EV +1)
((You are camouflaged when in or above water. (Stealth+)))
You have tentacles for arms and can constrict up to eight enemies at once.


Message History

Natasha is severely wounded.
Natasha casts a spell.
The searing ray misses Natasha.
Natasha completely misses you.
The searing ray misses Natasha.
The searing ray hits the frilled lizard!
You kill the frilled lizard!
You finish channelling your searing ray.
Natasha closely misses you. The crimson imp hits you.
Unknown command.
Casting: Searing Ray (safe; 3% risk of failure)
Confirm with . or Enter, or press ? or * to list all spells.
You don't have enough magic to cast this spell.
Unknown command.
Unknown command.
Casting: Searing Ray (safe; 3% risk of failure)
Confirm with . or Enter, or press ? or * to list all spells.
Aiming: Magic Dart (safe; 2% risk of failure)
Press: ? - help, Shift-Dir - straight line, f/p - Natasha
Aim: Natasha (severely wounded, 100% to hit)
You feel a surge of power!
The magic dart hits Natasha.
Natasha is almost dead.
Natasha completely misses you. The crimson imp closely misses you.
Unknown command.
Okay, then.
Unknown command.
You closely miss Natasha. Your grab misses Natasha.
Natasha is almost dead.
Natasha misses you. The crimson imp closely misses you.
You miss Natasha. Your grab misses Natasha.
Natasha is almost dead.
Natasha stares at you and mumbles some strange words.
The magic dart hits you! The crimson imp closely misses you.
You closely miss Natasha. Your grab misses Natasha.
Your squeeze misses Natasha.
Natasha is almost dead.
Natasha stares at you and mumbles some strange words.
The magic dart hits you!
* * * LOW HITPOINT WARNING * * *
The crimson imp hits you.
You die...

.##.#..#.#...........#.#
.##.##.##.##...##..##.#
..#.##...#.#.......#.#
.........##.##...##.#
#.#.###....#.#...#.#
#.#..####..##.###)#
#.##....##...#...#......#
#....##..#...#.5h#......#
#.##.###.....#..@#..##..#
#..#.###.....#####..# ..
...#.......#..... ..#
...#.......##..## ...
........##.#..## ...
........#..(.##
...........###
....รท...........
................


You could see Natasha and a crimson imp (summoned).

Vanquished Creatures
  2 adders (D:2)
  A worm (D:2)
  3 ball pythons
  4 bats
  4 endoplasms
  A giant cockroach (D:2)
  2 hobgoblins
  3 frilled lizards
  5 goblins
  4 kobolds
  6 rats
35 creatures vanquished.

Notes
Turn   | Place    | Note
-------+----------+-------------------------------------------
     0 | D:1      | KamiKatze the Octopode Conjurer began the quest for the
                  | Orb.
     0 | D:1      | Reached XP level 1. HP: 11/11 MP: 3/3
   249 | D:1      | Reached XP level 2. HP: 17/17 MP: 1/5
   293 | D:1      | Learned a level 2 spell: Searing Ray
   773 | D:2      | Reached XP level 3. HP: 12/21 MP: 0/6
   900 | D:2      | Reached skill level 1 in Translocations
   967 | D:2      | Reached skill level 1 in Hexes
  1065 | D:2      | Noticed Natasha
  1192 | D:2      | Slain by a crimson imp

Illustrated notes

Levels and vault maps discovered:
D:1:      dpeg_arrival_ternary, layout_rooms
D:2:      cheibrodos_pilgrimage, layout_rooms, minmay_vboxes, uniq_natasha,
          uniq_crazy_yiuf_cottage

Skill      XL: |  1  2  3 |
---------------+----------+-----
Stealth        | 3 |  3.3
Translocations | 1 |  1.2
Hexes          | 1 |  1.1
Dodging        | |  2.4
Spellcasting   | |  2.3
Conjurations   | |  4.2

Action                   || total
-------------------------++-------
Melee: Dagger            ||     3
       Tentacles         ||     1
       Staff             ||     3
 Cast: Magic Dart        ||    58
       Searing Ray       ||     4
Dodge: Dodged            ||    13
